[Event "European Corporate Championship 2022"]
[Site "Rotterdam"]
[Date "2022.06.18"]
[Round "3.1"]
[White "Barski, Radoslaw"]
[Black "Nijboer, Friso"]
[Result "0-1"]
[ECO "B53"]
[WhiteElo "2434"]
[BlackElo "2464"]
[Annotator "TA"]
[PlyCount "102"]
[EventDate "2022.06.18"]
[EventType "team-tourn"]
[EventCountry "NED"]
[SourceTitle "playchess.com"]
[Source "ChessBase"]
[SourceQuality "1"]
[TimeControl "900+5"]

1. e4 c5 2. Nc3 Nc6 3. Nf3 Nf6 4. Bb5 d6 5. d4 cxd4 6. Qxd4 Bd7 7. Bxc6 Bxc6 8. Bg5 e6 9. O-O-O Be7 10. Kb1 {[%emt 0:00:31] 10.Qd3 gains popularity.} Qc7 {[%emt 0:00:20] B53: Sicilian: 2...d6: Lines with Qxd4.} 11. Qd3 a6 12. Nd4 {[%emt 0:05:14] [#]} Nxe4 $146 {[%emt 0:04:31] Black is slightly better.} ({Predecessor:} 12... O-O 13. f4 h6 14. h4 b5 15. e5 dxe5 16. fxe5 Nd5 17. Nxc6 hxg5 18. Nxd5 exd5 19. hxg5 g6 20. Qh3 {1-0 (20) Sliwicka,A (2337)-Fistek,D (2218) Katowice 2017}) 13. Nxe4 ({Don't blunder} 13. Bxe7 $2 Nxf2 14. Qg3 (14. Nxe6 $2 fxe6 15. Bxd6 Nxd3 $19) 14... Nxh1 15. Qxg7 Kxe7 $19) 13... Bxe4 {[%emt 0:00:03][%mdl 64] Remove Defender} 14. Qxe4 Bxg5 15. Nxe6 $2 fxe6 $19 16. Qxe6+ Qe7 17. Qc4 Qf7 18. Rhe1+ Kf8 19. Qb4 h5 (19... Qxf2 $2 20. Rf1 Qxf1 21. Rxf1+ Bf6 22. Qxd6+ Ke8 23. Qe6+ Kf8 24. g4 $18) 20. Qxd6+ (20. f4 $17 {keeps fighting.} Bf6 21. Rxd6) 20... Kg8 21. Qc5 Bf6 22. a3 Kh7 23. Rd5 Rhe8 24. Rxh5+ Kg8 25. Rf1 (25. Rd1) 25... Rac8 26. Qa5 {[%emt 0:00:04] [#]} (26. Qd5 Qxd5 27. Rxd5) 26... g6 (26... Rxc2 $142 $3 27. Kxc2 Qc4+ 28. Kb1 Qxf1+ 29. Ka2 Qc4+ 30. Kb1 Qd3+ 31. Ka2 Re2 32. Qd5+ Qxd5+ 33. Rxd5 Rxb2+ 34. Ka1 Rb5+ 35. Ka2 Rxd5) 27. Rh3 {[%emt 0:00:01] [#]} (27. Rd5 $142 Re2 28. Rc5) 27... Qc4 $2 (27... Rxc2 $3 28. Kxc2 Qc4+ 29. Rc3 Bxc3 30. Qxc3 Qe2+ 31. Kb3 Qxf1) 28. Rc1 Re5 29. Qd2 (29. Qb6 $17 Qc6 30. Rb3) 29... Rb5 30. c3 Qe4+ (30... Bg5 $19 31. Qc2 Rc6) 31. Ka1 Bg7 {[%emt 0:00:01] Against Qh6} 32. Rg3 Qf5 33. Rf3 Qe6 34. Re1 Re5 35. Rfe3 Rxe3 36. Rxe3 Qf7 {[%emt 0:00:01] White must now prevent ...Bh6.} 37. Rf3 Qe6 38. Re3 $1 Qc6 39. f3 $2 (39. f4 $17 {is tougher.}) 39... Rf8 $2 (39... Bh6 $19 {has better winning chances.} 40. Qf2 Bxe3 41. Qxe3 Rd8) 40. Re4 $17 Bf6 (40... Rf5 $17) 41. Qc2 (41. Qh6 $11) 41... Kg7 42. h4 Re8 43. Rg4 $2 (43. Rxe8 $17 {was called for.} Qxe8 44. Qf2) 43... Re1+ $19 44. Ka2 {[%emt 0:00:00] [#]} Qe6+ $1 45. c4 Qf7 {[%emt 0:00:03] Active counter play!} (45... Re2 $19 46. Qxg6+ Kf8 47. Qh6+ Ke7 48. Qh7+ Kd6 49. Qxb7 Rxb2+ 50. Qxb2 Bxb2 51. Kxb2 Qe3) 46. f4 Kh6 ({Black should play} 46... Kf8 $17 {[%cal Of6b2] And now ...Bxb2! would win.} 47. f5 gxf5 48. Qxf5 Re2 49. Qc5+ Qe7 50. Qc8+ Qd8 51. Qxd8+ Bxd8) 47. f5 $11 gxf5 (47... g5 48. Qd2 Qh5 49. Rxg5 Bxg5 50. hxg5+ (50. Qxe1 Qxh4 51. Qe6+ Kg7 $11) 50... Qxg5 51. Qxe1 $18) 48. Qxf5 {[%emt 0:00:01][%cal Oh4h5] Hoping for h5!} Re2 {[%emt 0:00:06] Really sharp!} 49. a4 $2 (49. Qf4+ $11 Kh7 50. Qf5+ Kh8 51. Qc8+ Qe8 52. Qxe8+ Rxe8 53. Rg6) 49... Rxb2+ {[%emt 0:00:04] Black mates.} 50. Ka3 Qe7+ 51. c5 Qe3+ {[%emt 0:00:01] Weighted Error Value: White=0.82/Black=0.64} 0-1

[Event "European Corporate Championship 2022"]
[Site "Rotterdam"]
[Date "2022.06.18"]
[Round "3.2"]
[White "De Vreugt, Dennis"]
[Black "Celinski, Kamil"]
[Result "1-0"]
[ECO "A45"]
[WhiteElo "2393"]
[BlackElo "1907"]
[Annotator "TA"]
[PlyCount "77"]
[EventDate "2022.06.18"]
[EventType "team-tourn"]
[EventCountry "NED"]
[SourceTitle "playchess.com"]
[Source "ChessBase"]
[SourceQuality "1"]
[TimeControl "900+5"]

1. d4 Nf6 2. g3 c5 3. d5 b5 4. Bg2 Bb7 5. e4 d6 6. a4 {[%emt 0:00:34] A45: Trompowsky Attack.} Qa5+ 7. Bd2 b4 8. c4 {[%emt 0:00:02] White is slightly better.} g6 {[%emt 0:00:13] [#]} 9. Qc1 $146 ({Predecessor:} 9. Ne2 Bg7 10. Ra2 O-O 11. O-O Nbd7 12. b3 Rfe8 13. Bf4 Nh5 14. Be3 Qc7 15. g4 {1-0 (36) Stupak,K (2458)-Tihonov,J (2460) Minsk 2009}) 9... Bg7 10. Bh6 O-O 11. Ne2 Nbd7 {[%emt 0:00:11] Threatens to win with ...Ne5.} 12. h4 $2 (12. Bxg7 $11 Kxg7 13. Nd2) 12... Bxh6 13. Qxh6 Ng4 $2 ({Better is} 13... Ne5 $19 {White must now prevent ...Nd3+.} 14. O-O Nxc4) 14. Qd2 h5 (14... Nde5 $5 15. b3 Qd8 $11) 15. O-O Nde5 16. b3 Kh7 17. Qc2 Bc8 18. Nd2 Nh6 19. Rae1 Qd8 20. Nc1 Bd7 21. f4 Neg4 22. Nd3 Rb8 23. e5 (23. f5 $14) 23... Nf5 $17 24. Ne4 Nge3 25. Ng5+ (25. Qf2 $142 Nxf1 26. Kxf1) 25... Kh6 26. Qf2 Nxf1 27. Bxf1 f6 (27... Nd4 $17 28. e6 fxe6 29. dxe6 Bc6) 28. Nf3 $15 fxe5 $2 (28... e6 $1 $15 {stays ahead.}) 29. fxe5 $16 Kg7 30. Nf4 dxe5 (30... Nh6 $16 {was called for.}) 31. Rxe5 (31. Nxe5 $18 {and the rest is easy.} Rb6 32. Qxc5) 31... Qc7 {[%emt 0:00:19] [#]} (31... Qb6 $16) 32. Bd3 (32. d6 $1 $18 {[%cal Rd6c7] is the precise move to win.} Qb6 33. dxe7) 32... Rbe8 $2 {[%emt 0:00:08][%mdl 8192] [#]} (32... Rf6 $16) 33. Re6 $1 $18 Rf6 34. Bxf5 {[%emt 0:00:02][%mdl 64] Deflection} Rxf5 35. Rxg6+ Kf7 36. Ng5+ {[%emt 0:00:07] Pair of Knights! White mates.} Kf8 37. Nfe6+ Bxe6 38. Nxe6+ Kf7 39. Qxf5# {[%emt 0:02:11] Quite a comeback for White.  Weighted Error Value: White=0.46/Black=0.66} 1-0

[Event "European Corporate Championship 2022"]
[Site "Rotterdam"]
[Date "2022.06.18"]
[Round "3.3"]
[White "Wisniewski, Jacek"]
[Black "Jonkman, Harmen"]
[Result "1-0"]
[ECO "C50"]
[WhiteElo "1850"]
[BlackElo "2384"]
[Annotator "TA"]
[PlyCount "80"]
[EventDate "2022.06.18"]
[EventType "team-tourn"]
[EventCountry "NED"]
[SourceTitle "playchess.com"]
[Source "ChessBase"]
[SourceQuality "1"]
[TimeControl "900+5"]

1. e4 e5 2. Nf3 Nc6 3. Bc4 Bc5 4. O-O Nf6 5. d4 Bxd4 6. Nxd4 Nxd4 7. f4 d6 8. fxe5 dxe5 9. Bg5 Be6 (9... Qe7 $15 10. Na3 h5) 10. Na3 $11 {[%emt 0:00:05] C50: Hungarian Defence and Giuoco Pianissimo.} Qe7 11. c3 Nc6 {[%emt 0:00:20] And now ...Bxc4 would win. Pair of Knights!} 12. b4 (12. Rf2 $11) 12... a5 $1 $15 13. Bxe6 fxe6 14. b5 Nd8 {[%emt 0:01:35] [#]} 15. Bxf6 $146 ({Predecessor:} 15. Nc4 Qc5+ 16. Ne3 Nf7 17. Bxf6 Qxe3+ 18. Kh1 gxf6 19. Qg4 Ke7 20. Rf3 Qg5 21. Qh3 {0-1 (31) Struck,L (1805)-Bock,T (1654) Playchess.com INT 2020}) 15... gxf6 16. Qa4 (16. Qh5+ $17 Nf7 17. Nc2) 16... O-O ({Black should play} 16... b6 $19 17. Rad1 Nb7) 17. Nc4 $17 Nf7 18. Kh1 Nd6 (18... Qc5 $17 19. Rab1 (19. Rxf6 Ng5 $17) 19... b6) 19. Ne3 ({Better is} 19. Nxd6 $15 Qxd6 20. Rad1) 19... b6 20. Rae1 Kh8 21. Ng4 Qg7 22. h3 (22. Nf2 $17) 22... Rae8 23. c4 f5 24. Nf2 Qg3 {[%emt 0:02:12] Hoping for ...Rg8.} 25. c5 $2 {[%emt 0:00:27] [#]} (25. Qc2) 25... Rg8 $1 $19 26. Rg1 Qxf2 (26... bxc5 $2 27. Ref1 $19) 27. cxd6 {[%emt 0:00:16] [#]} Rxg2 $3 28. Rxg2 Qxe1+ 29. Kh2 Qxe4 (29... cxd6 $19 30. exf5 Qb4 31. Qxb4 axb4 32. fxe6 Rxe6) 30. Qxe4 $11 fxe4 31. dxc7 $19 {[%emt 0:00:02][%mdl 4096] Endgame KR-KR} e3 {[%emt 0:00:53] Against Rd2} 32. Rc2 Rc8 33. Kg2 {[%emt 0:00:01] Kf3 would kill now.} Kg7 $2 (33... e4 $1 $11 {and Black has nothing to worry.}) 34. Kf3 $18 Kf7 35. Kxe3 {[%emt 0:00:02] Intending Ke4 and mate.} Ke7 36. Ke4 Kd7 37. Kxe5 {[%emt 0:00:06] White mates.} a4 38. a3 h5 39. h4 Ke7 40. Rc6 Kd7 {[%emt 0:00:05] Weighted Error Value: White=0.26 (precise) /Black=0.85} 1-0

[Event "European Corporate Championship 2022"]
[Site "Rotterdam"]
[Date "2022.06.18"]
[Round "3.6"]
[White "Schouten, Jordy"]
[Black "Oudshoorn, Arres"]
[Result "0-1"]
[ECO "B22"]
[WhiteElo "2121"]
[BlackElo "2137"]
[Annotator "TA"]
[PlyCount "102"]
[EventDate "2022.06.18"]
[EventType "team-tourn"]
[EventCountry "NED"]
[SourceTitle "playchess.com"]
[Source "ChessBase"]
[SourceQuality "1"]
[TimeControl "900+5"]

1. e4 c5 2. c3 d5 3. exd5 Qxd5 4. d4 Nc6 5. Nf3 Bg4 6. dxc5 Qxd1+ 7. Kxd1 e5 {[%emt 0:00:00] B22: Sicilian: 2 c3.} 8. b4 e4 {[%emt 0:00:53][%mdl 64] Pin} 9. h3 O-O-O+ (9... Be6 $14 10. Ng5 Bf5) 10. Kc2 $16 Bf5 11. g4 Bg6 (11... Be6 $16) 12. Nh4 $18 Be7 13. Nxg6 hxg6 {[%emt 0:00:00] [#]} 14. Bf4 $146 {[%emt 0:00:37] Against Ne5} ({Predecessor:} 14. Nd2 Nf6 15. g5 Nd5 16. Nxe4 f5 17. gxf6 gxf6 18. Bg2 f5 19. Nd6+ Bxd6 20. Bxd5 {1-0 (31) Pecnik,L (2334)-Doncevic,D (2230) Pula 2019}) 14... f5 (14... Nf6 $16 {is a better defense.}) 15. Bc4 Rf8 (15... Nf6 $142 16. Be6+ Nd7) 16. g5 Rh4 17. Bg3 Rh5 (17... Bxg5 {was called for.} 18. Na3 Rh8 19. Be6+ Kd8) 18. Be2 $2 (18. Be6+ $18 Kd8 19. b5) 18... Rh8 (18... Rxg5 $16 19. h4 Rxg3 20. fxg3 Nf6) 19. f4 (19. Na3 $18) 19... exf3 $16 20. Bxf3 Bxg5 21. Na3 f4 $1 22. Bf2 {[%emt 0:00:02] This bishop pair is nice.} Ne5 {[%emt 0:00:03] Inhibits Nc4.} 23. Bd5 Nf6 24. Be6+ Kb8 25. Rad1 Re8 26. Bb3 {[%emt 0:00:32] [#]} (26. h4 $11 Bh6 27. Bh3) 26... Nf3 $1 $17 27. Bc4 {[%emt 0:00:58] Inhibits Re2+.} Ne4 $36 {[%emt 0:00:08][%mdl 2048] Black is in control.} 28. Bd4 {[%emt 0:00:23] This costs White the game.} (28. Be1 $17 {only move.}) 28... Ng3 $19 ({Wrong is} 28... Nxd4+ $2 29. Rxd4 Bf6 30. Rd7 $17) 29. Bxg7 {[%emt 0:02:48] [#]} Rh7 ({Worse is} 29... Nxh1 30. Bxh8 Rxh8 31. Rxh1 $11) 30. Rd7 Nxh1 31. Bd5 Re7 (31... Rxh3 32. Rxb7+ Kc8 33. Nb5 Re2+ 34. Kb3 $18) 32. Rd8+ Kc7 33. Rd6 $2 (33. Ra8 Ne1+ 34. Kb3 Rexg7 35. Be6) 33... Rexg7 {[%emt 0:00:14] Black is clearly winning.} 34. Bxf3 Rxh3 35. Nb5+ Kb8 36. Rd5 Rxf3 37. Rxg5 Rf2+ 38. Kb3 a6 39. Nd4 f3 {[%emt 0:00:12] Threatens to win with ...Rf1.} 40. Rg1 Rh7 41. Rxg6 Rg2 42. Rf6 f2 {[%emt 0:00:11] aiming for ...Ng3.} 43. b5 axb5 {[%emt 0:00:07] Hoping for ...Ng3.} 44. Rf8+ Kc7 45. Nxb5+ Kc6 46. Kc4 Rg4+ 47. Nd4+ Kc7 {[%emt 0:00:00] ...Rg1 is the strong threat.} 48. Kd5 Rg5+ 49. Kc4 Rg1 50. Kd5 f1=Q 51. Ne6+ Kd7 {[%emt 0:00:00] Weighted Error Value: White=0.69/Black=0.25 (precise)} 0-1

[Event "European Corporate Championship 2022"]
[Site "Rotterdam"]
[Date "2022.06.18"]
[Round "3.7"]
[White "Lie, Michael"]
[Black "IJzermans, Cees"]
[Result "1-0"]
[ECO "A45"]
[WhiteElo "1798"]
[BlackElo "2115"]
[Annotator "NA RC"]
[PlyCount "75"]
[EventDate "2022.06.18"]
[EventType "team-tourn"]
[EventCountry "NED"]
[SourceTitle "playchess.com"]
[Source "ChessBase"]
[SourceQuality "1"]
[TimeControl "900+5"]

1. d4 Nf6 2. Bg5 e6 3. e4 h6 4. Bxf6 Qxf6 5. c3 e5 6. Nf3 d6 7. Be2 Nc6 8. O-O Qg6 9. Re1 Bd7 10. Bb5 O-O-O 11. d5 Nb8 12. Bxd7+ Nxd7 13. c4 Be7 14. Nc3 f5 15. Qc2 f4 16. b4 Qf7 17. a4 g5 18. Nb5 a6 19. Nc3 g4 20. Nd2 f3 21. g3 h5 22. Nf1 h4 23. a5 hxg3 24. fxg3 Rdf8 25. Qf2 Nf6 26. b5 Nh7 27. bxa6 bxa6 28. Nd1 Ng5 29. Kh1 Nh3 30. Qa7 Bd8 31. Nf2 Kd7 32. Ra2 Nxf2+ 33. Rxf2 Bg5 34. Qxa6 Rb8 35. Qc6+ Kc8 36. a6 Be3 37. Rxe3 Rxh2+ 38. Rxh2 1-0

[Event "European Corporate Championship 2022"]
[Site "Rotterdam"]
[Date "2022.06.18"]
[Round "3.9"]
[White "Konijn, Bart"]
[Black "Van Wely, Loek"]
[Result "1/2-1/2"]
[ECO "B80"]
[WhiteElo "2224"]
[BlackElo "2618"]
[Annotator "TA"]
[PlyCount "108"]
[EventDate "2022.06.18"]
[EventType "team-tourn"]
[EventCountry "NED"]
[SourceTitle "playchess.com"]
[Source "ChessBase"]
[SourceQuality "1"]
[TimeControl "900+5"]

1. e4 c5 2. Nf3 e6 3. d4 cxd4 4. Nxd4 Nc6 5. Nc3 d6 6. Be3 Nf6 7. Bd3 Be7 8. O-O O-O 9. Kh1 {[%emt 0:00:27] has lost popularity (9.h3).} e5 {[%emt 0:00:23] B80: Sicilian Scheveningen: 6 g3 and 6 Be3, including English Attack.} 10. Nde2 Nb4 11. f4 Be6 12. f5 Bd7 13. Bc4 {[%emt 0:00:20] [#]} b5 $146 (13... Bc6 $11) ({Predecessor:} 13... Bc6 14. Nd5 Nbxd5 15. exd5 b5 16. Bb3 Bd7 17. a4 bxa4 18. Bxa4 Bxa4 19. Rxa4 Qb8 {1-0 (61) Larsen,B (2530)-Hansen,C (2550) Espoo 1989}) 14. Bb3 (14. Bxb5 $14 Bxb5 15. Nxb5) 14... Bc6 15. a3 Na6 16. Bd5 Qd7 (16... Bxd5 $11 17. exd5 Qd7) 17. Bxc6 $14 Qxc6 18. Nd5 Rfe8 (18... Nxd5 $14 19. exd5 Qd7) 19. Nec3 {[%emt 0:00:16] White is more active.} Nc7 20. Nxf6+ (20. Nxc7 $16 Qxc7 21. Bg5 (21. Nxb5 Qb7 $11)) 20... Bxf6 $11 21. Qd3 a5 22. Rfd1 b4 23. Ne2 Red8 24. axb4 axb4 25. Rxa8 Nxa8 (25... Qxa8 $11 26. Bb6 Qc6 27. Bxc7 Qxc7) 26. c4 ({White should try} 26. c3 $14) 26... bxc3 $2 (26... Nc7 $11) 27. Nxc3 $16 Nc7 28. Rc1 (28. b4 $1 $18) 28... Qb7 $14 29. Qc4 (29. b4 $14) 29... h5 30. Na4 Nb5 (30... Ne8 $11) 31. Bb6 $18 Rb8 32. Qxb5 Qxe4 33. Qd7 Qf4 34. Rd1 e4 35. Qc7 $2 {[%emt 0:00:41] [#]} (35. Qxd6 $2 Be5 36. Qxb8+ Bxb8 $19) (35. Bg1 $18) 35... Ra8 $2 (35... Rxb6 $1 $17 {[%mdl 512] stays on course.} 36. Qxb6 (36. Nxb6 $2 {is the wrong capture.} Be5 $19) 36... e3) 36. Nc3 ({Don't play} 36. Qc6 $6 Rb8 $18) 36... Be5 37. Bg1 Qxf5 38. Qb7 Re8 39. Qxe4 ({Much less strong is} 39. Nxe4 Bxh2 40. Bxh2 Rxe4 41. Bxd6 Qe6 $18) 39... Qxe4 40. Nxe4 Bxb2 41. Nxd6 Rd8 42. Rd2 Bc3 {[%emt 0:00:04] [#]} 43. Rc2 {[%emt 0:00:09] Strongly threatening Nxf7.} Bb4 44. Rc8 Rxc8 45. Nxc8 f5 (45... Kh7 {was worth a try.} 46. g3 Bf8) 46. Be3 Kf7 47. Nb6 Ke6 48. Kg1 f4 49. Bf2 g5 {[%emt 0:00:02] [#]} 50. Kf1 $1 g4 51. Ke2 Bd6 52. Nc4 $2 ({White should play} 52. Bg1 $18) 52... f3+ $1 $11 {[%emt 0:00:04] The position is equal.} 53. gxf3 gxf3+ 54. Kxf3 Bxh2 {[%emt 0:00:01] Weighted Error Value: White=0.44/Black=0.45} 1/2-1/2

[Event "European Corporate Championship 2022"]
[Site "Rotterdam"]
[Date "2022.06.18"]
[Round "3.10"]
[White "Lambrechts, Koen"]
[Black "Schelvis, Richard"]
[Result "1-0"]
[ECO "B40"]
[WhiteElo "2349"]
[BlackElo "2157"]
[Annotator "TA"]
[PlyCount "63"]
[EventDate "2022.06.18"]
[EventType "team-tourn"]
[EventCountry "NED"]
[SourceTitle "playchess.com"]
[Source "ChessBase"]
[SourceQuality "1"]
[TimeControl "900+5"]

1. e4 c5 2. Nf3 e6 3. d4 cxd4 4. Nxd4 Nf6 5. Qe2 Qb6 (5... Nc6 $142 6. Nxc6 bxc6) 6. Nb3 $11 {[%emt 0:00:10] [#] B40: Sicilian: 2...e6, Unusual lines.} d6 $146 ({Predecessor:} 6... Nc6 7. Nc3 Bb4 8. Bd2 O-O 9. a3 Be7 10. O-O-O Qc7 11. g4 d6 12. g5 Nd7 13. f4 a6 14. h4 b5 15. h5 Bb7 16. g6 fxg6 17. hxg6 {1-0 (25) Rorrer,G (2191)-Prohorov,O (2086) Chess.com INT 2022}) 7. g4 ({White should play} 7. Nc3 $14) 7... Be7 ({Black should try} 7... d5 $11) 8. g5 {[%emt 0:00:31] White is slightly better.} Nfd7 9. h4 Nc6 10. Be3 Qc7 11. Nc3 a6 12. a4 (12. O-O-O $16) 12... Nc5 $14 13. Nxc5 dxc5 14. f4 Nd4 15. Qf2 Qb6 (15... Bd7 $11) 16. O-O-O Qa5 {[%emt 0:01:53] White leaves nothing to chance now.} (16... Bd7 $14) 17. h5 ({Resist} 17. Bxd4 cxd4 18. Qxd4 O-O $14) 17... Bd7 (17... Qc7 $16 {is a better defense.}) 18. Bxd4 $18 cxd4 19. Qxd4 O-O-O 20. Qxg7 Bxa4 $2 (20... Rdf8 21. Kb1 (21. Qd4 Bc6 $16) 21... Qc7) 21. Bh3 Bb4 22. Nxa4 Qxa4 {[%emt 0:00:06][%cal Ra4a1] [#]} 23. Kb1 {[%emt 0:00:04] Against Qa1+. Active counter play!} Rhf8 (23... Qc6 24. Qxf7 Rde8) 24. Rxd8+ Rxd8 25. Qxf7 Kb8 26. Qxe6 Rd6 27. Qe5 Ka8 28. g6 Rc6 29. Rc1 $2 (29. b3 Qb5 30. Qxb5 axb5 31. g7) 29... Bc3 {[%emt 0:00:26] [#] White has a decisive advantage.} 30. g7 $1 ({Not} 30. Qe8+ Ka7 31. Qxc6 (31. gxh7 {is a self mate.} Bxb2) 31... Qxc6 32. bxc3 hxg6 33. hxg6 Qxg6 $15) 30... Bxe5 31. g8=Q+ Bb8 32. Bd7 {[%emt 0:00:05] Weighted Error Value: White=0.41/Black=0.46} 1-0

[Event "European Corporate Championship 2022"]
[Site "Rotterdam"]
[Date "2022.06.18"]
[Round "3.11"]
[White "Jap Tjoen San, Linda"]
[Black "Rietman, Frits"]
[Result "0-1"]
[ECO "B01"]
[WhiteElo "2045"]
[BlackElo "2237"]
[Annotator "TA"]
[PlyCount "94"]
[EventDate "2022.06.18"]
[EventType "team-tourn"]
[EventCountry "NED"]
[SourceTitle "playchess.com"]
[Source "ChessBase"]
[SourceQuality "1"]
[TimeControl "900+5"]

1. e4 d5 2. exd5 Qxd5 3. d4 e5 4. Nf3 exd4 5. Qxd4 Qxd4 (5... Qe6+ {feels hotter.} 6. Be3 Nc6 7. Bb5 Bd7) 6. Nxd4 {[%emt 0:00:02] B01: Scandinavian Defence.} c6 {[%emt 0:00:13] [#]} 7. Bf4 $146 ({Predecessor:} 7. Nc3 Bb4 8. Bg5 h6 9. Bh4 Ne7 10. O-O-O O-O 11. a3 Ng6 12. axb4 Nxh4 13. g3 {1-0 (28) Kobalia,M (2614)-Balla,T (2348) Chess.com INT 2020}) 7... Bc5 8. Nb3 {[%emt 0:00:03] White is slightly better.} Be7 9. N1d2 Nf6 {[%emt 0:00:22] Inhibits Ne4.} 10. O-O-O O-O 11. Re1 Re8 12. h3 Nbd7 13. g4 Kf8 14. Bg2 Nb6 15. Bg3 Be6 16. Na5 Bc8 17. Nxc6 bxc6 $11 18. Bxc6 Be6 19. Bxa8 Rxa8 20. Nb3 (20. Kb1 $11) 20... Bd5 $15 {[%emt 0:00:53][%mdl 1024] Black has compensation.} 21. Rh2 Ne4 22. Bf4 Bh4 (22... g5 $15 23. Be5 Nc4) 23. Be3 (23. Nd2 $11 {keeps the balance.} Nxd2 24. Bxd2) 23... Rc8 24. Rd1 Ba8 {[%emt 0:00:37] Black is much more active.} 25. f4 ({White should try} 25. Kb1) 25... Bg3 $17 {[%emt 0:00:47] This bishop pair is nice.} 26. Rg2 (26. Re2 $17) 26... Nd5 $19 27. Bc5+ Kg8 ({Worse is} 27... Nxc5 28. Rxg3 Nxf4 29. Re3 $11) 28. Bxa7 $2 {[%emt 0:00:15] [#]} (28. Rxg3 Nxg3 29. f5) 28... Nxf4 (28... Bxf4+ $142 29. Rgd2 Nb4) 29. Rxg3 Nxg3 30. h4 Bf3 31. Rd6 Re8 32. Be3 $2 (32. Nd4 {was necessary.} Bxg4 33. b4) 32... Ng2 33. Bf2 Ne4 34. Rd3 Be2 35. Rh3 Nxf2 36. Rh2 Bf3 37. Nd4 Re1+ 38. Kd2 Rd1+ 39. Kc3 Ne4+ 40. Kc4 Ne3+ 41. Kb5 Rxd4 42. a4 Nd6+ 43. Kc5 Rd5+ 44. Kb6 Nec4+ {[%emt 0:00:06] Black mates.} 45. Kc7 Rc5+ 46. Kd8 Bxg4 47. b3 {[%emt 0:00:00] [#]} Kf8 $1 {[%emt 0:00:07] Weighted Error Value: White=0.97/Black=0.35} 0-1

[Event "European Corporate Championship 2022"]
[Site "Rotterdam"]
[Date "2022.06.18"]
[Round "3.14"]
[White "Theulings, Paul-Peter"]
[Black "Dekker, Derk"]
[Result "1-0"]
[ECO "C40"]
[WhiteElo "2063"]
[BlackElo "1893"]
[Annotator "NA RC"]
[PlyCount "77"]
[EventDate "2022.06.18"]
[EventType "team-tourn"]
[EventCountry "NED"]
[SourceTitle "playchess.com"]
[Source "ChessBase"]
[SourceQuality "1"]
[TimeControl "900+5"]

1. Nf3 f5 2. d3 Nc6 3. e4 e5 4. d4 exd4 5. exf5 Nf6 6. Nxd4 Bb4+ 7. c3 Bc5 8. Nxc6 bxc6 9. Bd3 O-O 10. O-O d5 11. Bg5 Qd6 12. Nd2 a5 13. Re1 a4 14. Qf3 Rb8 15. b4 Ba7 16. a3 c5 17. Rad1 Bb7 18. Qh3 h6 19. Bh4 Rbe8 20. g4 cxb4 21. axb4 Qf4 22. Rxe8 Rxe8 23. Qg3 Qxg4 24. Qxg4 Nxg4 25. Bb5 Re5 26. h3 Nf6 27. Bd3 Ne4 28. Nxe4 dxe4 29. Bc4+ Kh7 30. Rd8 Rxf5 31. Rd7 Bb6 32. Bg3 Rf6 33. Bxc7 Bxf2+ 34. Kh2 e3 35. Bd3+ Rg6 36. Bxg6+ Kxg6 37. Re7 Bf3 38. c4 e2 39. Bg3 1-0

[Event "European Corporate Championship 2022"]
[Site "Rotterdam"]
[Date "2022.06.18"]
[Round "3.15"]
[White "Vosooghi Dizaji, Mehdi"]
[Black "Malachi, Avraham"]
[Result "1/2-1/2"]
[ECO "C34"]
[WhiteElo "1878"]
[BlackElo "1997"]
[Annotator "NA RC"]
[PlyCount "99"]
[EventDate "2022.06.18"]
[EventType "team-tourn"]
[EventCountry "NED"]
[SourceTitle "playchess.com"]
[Source "ChessBase"]
[SourceQuality "1"]
[TimeControl "900+5"]

1. e4 e5 2. f4 exf4 3. Nf3 d6 4. Bc4 Be6 5. Qe2 Nf6 6. Nc3 c6 7. d4 d5 8. exd5 Nxd5 9. O-O Be7 10. Bd2 O-O 11. a3 Bf6 12. Ne4 Bg4 13. Nxf6+ Qxf6 14. c3 Nd7 15. Rae1 h6 16. Bd3 Bf5 17. Bc4 g5 18. h3 Kg7 19. Nh2 Rae8 20. Qxe8 Rxe8 21. Rxe8 N7b6 22. Be2 Nc7 23. Re5 Nd7 24. Ra5 a6 25. Ng4 Qe6 26. Re1 b6 27. Bd3 Qxe1+ 28. Bxe1 Bxd3 29. Ne5 bxa5 30. Nxd7 Ne6 31. Ne5 Be4 32. h4 c5 33. hxg5 hxg5 34. Bf2 cxd4 35. cxd4 f5 36. Nc4 g4 37. Nxa5 g3 38. Be1 Kg6 39. Bc3 f3 40. gxf3 Bxf3 41. Nc4 Kg5 42. Bd2+ f4 43. Bc3 Kh4 44. Nd6 Ng5 45. Nf5+ Kh3 46. Bd2 Be4 47. Bxf4 Nf3+ 48. Kf1 g2+ 49. Ke2 g1=Q 50. Ne3 1/2-1/2